 Dungeon Crawl Stone Soup version 0.32-a0-673-g3729bd50f8 (webtiles) character file.

Game seed: 15321695184213101336

725 mopl the Sneak (level 7, -5/47 HPs)
             Began as an Octopode Brigand on Mar 10, 2024.
             Slain by a gnoll
             ... wielding a +0 halberd
             ... led by a gnoll bouda
              (14 damage)
             ... on level 5 of the Dungeon.
             The game lasted 00:04:57 (3842 turns).

mopl the Sneak (Octopode Brigand)                   Turns: 3842, Time: 00:04:58

Health: -5/47      AC:  1    Str: 11    XL:     7   Next: 71%
Magic:  7/7        EV: 16    Int: 19    God:
Gold:   151        SH:  0    Dex: 27    Spells: 3/6 levels left

rFire   . . .        b - +6 short sword (flame)
rCold   . . .        (no shield)
rNeg    . . .        (helmet restricted)
rPois   .            (no amulet)
rElec   .            i - +6 ring of intelligence
rCorr   .            j - +6 ring of dexterity
SInv    .            A - +6 ring of dexterity
Will    .....        (no ring)
Stlth   +++++        (no ring)
HPRegen 0.27/turn    (no ring)
MPRegen 0.10/turn    (no ring)
                     (no ring)

%: no passive effects
@: no status effects
A: almost no armour, amphibious, 8 rings, camouflage 1, gelatinous body 1,
(nimble swimmer 1), tentacles
a: no special abilities


You were on level 5 of the Dungeon.
You visited 1 branch of the dungeon, and saw 5 of its levels.

You collected 249 gold pieces.
You spent 98 gold pieces at shops.

Inventory:

Hand Weapons
 a - a +2 dagger
 b - a +6 short sword of flaming (weapon)
 x - a +0 dagger of venom
 C - a +0 scimitar
Missiles
 c - 3 curare-tipped darts
 p - 14 poisoned darts (quivered)
Jewellery
 i - a +6 ring of intelligence (left tentacle)
 j - a +6 ring of dexterity (right tentacle)
 A - a +6 ring of dexterity (on tentacle)
 G - an amulet of faith {!P}
Scrolls
 d - a scroll of fear {unknown}
 f - a scroll of butterflies {unknown}
 g - a scroll of vulnerability {unknown}
 h - 2 scrolls of fog
 l - 2 scrolls of teleportation {unknown}
 n - a scroll of revelation {unknown}
 q - a scroll of torment {unknown}
 t - 4 scrolls of immolation {unknown}
 v - a scroll of noise {unknown}
 y - a scroll of blinking {unknown}
 E - 3 scrolls of identify {unknown}
 F - a scroll of poison {unknown}
Potions
 e - 2 potions of might {unknown}
 k - 2 potions of berserk rage {unknown}
 m - 4 potions of curing
 o - a potion of attraction {unknown}
 r - 2 potions of brilliance {unknown}
 s - 3 potions of lignification {unknown}
 u - 2 potions of cancellation {unknown}
 w - a potion of haste {unknown}
 z - a potion of enlightenment {unknown}
 B - a potion of heal wounds {unknown}
 D - 2 potions of invisibility {unknown}


   Skills:
 + Level 3.9 Fighting
 - Level 2.0(2.9) Short Blades
 + Level 3.2(3.5) Long Blades
 + Level 3.8 Throwing
 + Level 3.4 Dodging
 + Level 7.2 Stealth
 + Level 2.6 Translocations


You had 3 spell levels left.
You knew the following spells:

 Your Spells              Type           Power      Damage    Failure   Level
a - Apportation           Tloc           20%        N/A       7%          1
e - Blink                 Tloc           20%        N/A       11%         2

Your spell library contained the following spells:

 Spells                   Type           Power      Damage    Failure   Level
 Magic Dart               Conj           0%         1d3       21%         1
 Necrotise                Necr           0%         1d4       21%         1
 Sting                    Conj/Alch      0%         1d3       21%         1
 Summon Small Mammal      Summ           0%         N/A       21%         1
 Call Imp                 Summ           0%         N/A       30%         2
 Jinxbite                 Hex            0%         N/A       30%         2
 Summon Blazeheart Golem  Fire/Summ      0%         N/A       90%         4
 Yara's Violent Unravell  Hex/Alch       0%         3d3       99%         5
 Enfeeble                 Hex            0%         N/A       100%        7
 Orb of Destruction       Conj           0%         9d5       100%        7
 Spellforged Servitor     Conj/Summ      0%         N/A       100%        7


Dungeon Overview and Level Annotations

Branches:
Dungeon (5/15)
 Temple: D:4-7

Altars:
Ashenzari
Ru
Sif Muna
Uskayaw

Shops:
D:5 *([


Innate Abilities, Weirdness & Mutations

You cannot wear most types of armour.
You are amphibious.
You can wear up to eight rings at the same time.
Your skin changes colour to match your surroundings (Stealth+).
Your rubbery body absorbs attacks. (AC +1, EV +1)
((You are camouflaged when in or above water. (Stealth+)))
You have tentacles for arms and can constrict up to eight enemies at once.


Message History

The gnoll attacks as it pursues you! The gnoll hits you with a +0 club.
Your attacks no longer feel as feeble.
The gnoll attacks as it pursues you! The gnoll hits you with a +0 club!
You puncture the gnoll! You burn the gnoll. You grab the gnoll.
You squeeze the gnoll.
You kill the gnoll!
You hit the scorpion. You burn the scorpion. Your grab misses the scorpion.
The scorpion is lightly wounded.
The scorpion misses you.
You puncture the scorpion! You burn the scorpion. You grab the scorpion.
The scorpion is severely wounded.
You constrict the scorpion. The scorpion completely misses you.
You hit the scorpion. You burn the scorpion.
You kill the scorpion!
You hit the gnoll. You burn the gnoll. You grab the gnoll.
The gnoll is moderately wounded.
You constrict the gnoll. The gnoll hits you with a +0 whip!
You are too injured to fight recklessly!
You are too injured to fight recklessly!
You hit the gnoll but do no damage.
You squeeze the gnoll, but do no damage.
The gnoll is severely wounded.
You constrict the gnoll. The gnoll hits you with a +0 whip!
You hit the gnoll but do no damage. You squeeze the gnoll.
You kill the gnoll!
The gnoll closely misses you.
The gnoll hits you from afar with a +0 halberd.
* * * LOW HITPOINT WARNING * * *
Things that are here:
a +0 whip; a +0 club; a gnoll corpse You hit the gnoll.
You burn the gnoll. Your grab misses the gnoll.
The gnoll is heavily wounded.
The gnoll hits you with a +0 club.
* * * LOW HITPOINT WARNING * * *
The gnoll closely misses you.
You puncture the gnoll! You burn the gnoll.
You kill the gnoll!
The gnoll closely misses you. The gnoll hits you with a +0 halberd!
You die...

....# ....# #...#
##.##########
##.##......###
#...........# #
#.........### ####...
#.....##########.....#
#....#######.)@g.#
##..##.....†..###)......
#..###.....#### .......
##.###......#


gg..... #..##.......## ....... ..#..>.......## ....... ..............# .......
...............# ....... #............#.. You could see a gnoll.

Vanquished Creatures
  Edmund (D:4)
  A scorpion (D:5)
  A bombardier beetle (D:4)
  2 jellies
  A gnoll bouda (D:5)
  2 hounds (D:5)
  3 orc wizards
  A sleepcap (D:5)
  Terence (D:2)
  Robin (D:2)
  4 gnolls (D:5)
  7 adders
  2 ufetubi (D:5)
  5 dart slugs
  6 ribbon worms
  9 orcs
  5 bats
  4 endoplasms
  2 giant cockroaches
  15 goblins
  11 hobgoblins
  3 jackals (D:1)
  6 kobolds
  2 quokkas
  6 ball pythons
  4 frilled lizards
  2 rats
107 creatures vanquished.

Notes
Turn   | Place    | Note
-------+----------+-------------------------------------------
     0 | D:1      | mopl the Octopode Brigand began the quest for the Orb.
     0 | D:1      | Reached XP level 1. HP: 14/14 MP: 1/1
   244 | D:1      | Reached XP level 2. HP: 19/19 MP: 2/2
   488 | D:1      | Reached skill level 1 in Long Blades
   488 | D:1      | Reached XP level 3. HP: 25/25 MP: 3/3
   508 | D:1      | Learned a level 2 spell: Blink
   774 | D:2      | Noticed Robin
   801 | D:2      | Killed Robin
   802 | D:2      | Reached XP level 4. HP: 27/30 MP: 4/4
   897 | D:2      | Noticed Terence
   905 | D:2      | Killed Terence
  1084 | D:2      | Learned a level 1 spell: Apportation
  1166 | D:2      | Reached skill level 2 in Dodging
  1167 | D:2      | Reached skill level 6 in Stealth
  1638 | D:3      | Reached skill level 1 in Translocations
  1644 | D:3      | Reached XP level 5. HP: 35/35 MP: 5/5
  1665 | D:3      | Found a faded altar of an unknown god.
  2415 | D:4      | Found a hide-covered altar of Uskayaw.
  2426 | D:4      | Reached skill level 2 in Long Blades
  2445 | D:4      | Reached skill level 3 in Fighting
  2534 | D:4      | Reached skill level 3 in Throwing
  2577 | D:4      | Found a sacrificial altar of Ru.
  2580 | D:4      | Found a broken altar of Ashenzari.
  2580 | D:4      | Found a shimmering blue altar of Sif Muna.
  2592 | D:4      | Noticed Edmund
  2606 | D:4      | Killed Edmund
  2607 | D:4      | Reached XP level 6. HP: 16/42 MP: 6/6
  2974 | D:4      | Reached skill level 2 in Translocations
  3077 | D:5      | Entered Level 5 of the Dungeon
  3122 | D:5      | Found Sugyarch's General Store.
  3130 | D:5      | Bought a scroll of fog for 56 gold pieces
  3130 | D:5      | Bought a potion of curing for 42 gold pieces
  3159 | D:5      | Found Miuta's Antique Weapon Emporium.
  3169 | D:5      | Reached XP level 7. HP: 30/46 MP: 7/7
  3305 | D:5      | Reached skill level 3 in Dodging
  3453 | D:5      | Found Basayb's Armour Shoppe.
  3505 | D:5      | Reached skill level 7 in Stealth
  3516 | D:5      | Reached skill level 3 in Long Blades
  3842 | D:5      | Slain by a gnoll

Illustrated notes

Levels and vault maps discovered:
D:1:      sevenhm_arrival_forest_fort_small_5, layout_basic, hex_tiny
D:2:      minmay_door_path, layout_basic, uniq_robin, uniq_terence
D:3:      layout_basic, chequers_ecumenical_altar_simple_redux
D:4:      layout_cave_pools, nicolae_uskayaw_murder_on_the_dancefloor,
          nicolae_overflow_hidden_temple, uniq_edmund
D:5:      layout_cave_pods, serial_shops, nicolae_shop_hallway_plus, shop, shop,
          shop, shop, kennysheep_path_1, water_maze_lemuel

Skill      XL: |  1  2  3  4  5  6  7 |
---------------+----------------------+-----
Long Blades    | 1 2 3 |  3.2
Dodging        | 2 3 |  3.4
Stealth        | 6 7 |  7.2
Translocations | 1 2 |  2.6
Fighting       | 3 |  3.9
Throwing       | 3 |  3.8
Short Blades   | |  2.0

Action                     |  1- 3 |  4- 6 |  7- 9 || total
---------------------------+-------+-------+-------++-------
  Melee: Dagger            |    50 |     6 |       ||    56
         Constrict         |    19 |    21 |    10 ||    50
         Tentacles         |     8 |    14 |    12 ||    34
         Short sword       |       |    90 |    27 ||   117
  Throw: Dart              |     1 |     2 |       ||     3
   Stab: Sleeping          |     6 |    16 |     2 ||    24
         Distracted        |       |     1 |     2 ||     3
 Armour: Skin              |    12 |    31 |    11 ||    54
  Dodge: Dodged            |    23 |    34 |    11 ||    68

Table legend: (Time is in decaauts)
 A = Elapsed time spent in this place.
 B = Non-inter-level travel time spent in this place.
 C = Inter-level travel time spent in this place.
 D = Time resting spent in this place.
 E = Time spent auto-exploring this place.
 F = Levels seen in this place.
 G = Mean time per level.
                   A        B        C        D        E       F      G
               +--------+--------+--------+--------+--------+-----+--------+
         Total |   3820 |   3712 |    108 |    290 |   2748 |   5 |  764.0 |
       Dungeon |   3820 |   3712 |    108 |    290 |   2748 |   5 |  764.0 |
               +--------+--------+--------+--------+--------+-----+--------+

Top non-repeatable levels by time:
     D:2: 962 daAuts
     D:3: 771 daAuts
     D:4: 766 daAuts
     D:5: 749 daAuts
     D:1: 570 daAuts
